 Dungeon Sprint DCSS version 0.30-a0-210-g01b79a254e (webtiles) character file.

Game seed: 13303422494213906505

7410 rocky1 the Brawler (level 10, 0/117 HPs)
             Began as a Troll Monk on Oct 5, 2022.
             Was a High Priest of Okawaru.
             Slain by Edmund
             ... wielding a +2 great mace of freezing
              (6 damage)
             ... in the Dungeon (Sprint III: "The Ten Rune Challenge").
             The game lasted 00:10:44 (1296 turns).

rocky1 the Brawler (Troll Monk)                     Turns: 1296, Time: 00:10:45

Health: 0/117      AC:  8    Str: 28    XL:     10   Next: 92%
Magic:  16/16      EV: 10    Int:  6    God:    Okawaru [*****.]
Gold:   2118       SH:  0    Dex: 12    Spells: 9/9 levels left

rFire   + . .      SeeInvis .      - Unarmed
rCold   . . .      Faith    .    (no shield)
rNeg    . . .      Spirit   .    r - +2 robe of the Tortured God {rPois rF+ Str+3}
rPois   +          Reflect  .    (helmet restricted)
rElec   .          Harm     .    (no cloak)
rCorr   .          Rampage  .    (gloves unavailable)
Will    .....      NoTele   +    (boots unavailable)
Stlth   ++........               (no amulet)
HPRegen 1.19/turn                (no ring)
MPRegen 0.15/turn                (no ring)

@: slowed, very slow
A: large, unfitting armour, claws 3, regeneration 1, shaggy fur 1, tough skin 1,
horns 1, iridescent scales 1
a: Renounce Religion, Heroism, Finesse


You were in the Dungeon.
You worshipped Okawaru.
Okawaru was extremely pleased with you.
You visited 1 branch You collected 2218 gold pieces.
You spent 100 gold pieces at shops.

Inventory:

Armour
 a - a +0 robe
 r - the +2 robe of the Tortured God (worn) {rPois rF+ Str+3}
   (Okawaru gifted it to you in the Dungeon)

   Str:       It affects your strength (+3).
   rF:        It protects you from fire.
   rPois:     It protects you from poison.
Wands
 q - a wand of polymorph (5)
Scrolls
 h - a scroll of blinking
 i - 3 scrolls of poison
 j - a scroll of amnesia {unknown}
 m - a scroll of torment {unknown}
 n - 2 scrolls of identify
 s - a scroll of fear
Potions
 b - a potion of ambrosia
 d - a potion of heal wounds
 e - a potion of haste
 f - 2 potions of magic
 g - 2 potions of berserk rage
 k - 2 potions of flight
 l - 5 potions of mutation
 o - a potion of might
Miscellaneous
 p - a phial of floods


   Skills:
 + Level 12.3 Fighting
 + Level 0.0 Armour
 + Level 2.4 Dodging
 - Level 1.0 Stealth
 + Level 19.6 Unarmed Combat
 - Level 10.0 Invocations


You had 9 spell levels left.
You didn't know any spells.
Your spell library contained the following spells:

 Spells                   Type           Power      Damage    Failure   Level
 Blink                    Tloc           0%         N/A       58%         2
 Momentum Strike          Conj/Tloc      0%         3d8       58%         2
 Lesser Beckoning         Tloc           0%         N/A       83%         3


Dungeon Overview and Level Annotations

Branches:
Dungeon (1/1)

Altars:
Cheibriados
Dithmenos
Elyvilon
Fedhas
Gozag
Hepliaklqana
Kikubaaqudgha
Makhleb
Nemelex Xobeh
Okawaru
Qazlal
Ru
Sif Muna
Trog
Uskayaw
Vehumet
Wu Jian
Xom
Yredelemnul
Zin
The Shining One
Jiyva
Lugonu

Shops:
D ?

Annotations:
D Edmund, Sigmund


Innate Abilities, Weirdness & Mutations

You are too large for most types of armour.
You have claws for hands.
Your natural rate of healing is unusually fast.
You are covered in fur. (AC +1)
You have tough skin. (AC +1)
You have a pair of small horns on your head.
You are partially covered in iridescent scales. (AC +2)


Message History

You barely miss Edmund.
Edmund is severely wounded.
Edmund closely misses you. Something hits you! Space warps around you!
You mangle Edmund!! You claw Edmund.
Edmund is severely wounded.
Edmund hits you with a +2 great mace of freezing!
* * * LOW HITPOINT WARNING * * *
Edmund freezes you.
* * * LOW HITPOINT WARNING * * *
Unknown command.
You claw Edmund! You headbutt Edmund!
Edmund is almost dead.
Edmund closely misses you. Something hits you!
* * * LOW HITPOINT WARNING * * *
Space warps horribly around you!
* * * LOW HITPOINT WARNING * * *
Unknown command.
You feel much better. Edmund hits you but does no damage. Something hits you.
Space warps around you.
* * * LOW HITPOINT WARNING * * *
Unknown command.
Edmund hits you with a +2 great mace of freezing.
* * * LOW HITPOINT WARNING * * *
Edmund freezes you.
* * * LOW HITPOINT WARNING * * *
You hear some strange, mumbled words.
You are confused.
Edmund hits you with a +2 great mace of freezing.
* * * LOW HITPOINT WARNING * * *
Edmund freezes you.
* * * LOW HITPOINT WARNING * * *
You feel better.
You hear some strange, mumbled words.
A bolt of fire appears from out of thin air!
The bolt of fire hits you! You resist.
* * * LOW HITPOINT WARNING * * *
Edmund hits you with a +2 great mace of freezing!
* * * LOW HITPOINT WARNING * * *
Edmund freezes you.
You die...

#'###########################
#....#.#.#)....#......'...~≈#
##.#..#.##.###)#......#...~≈#
'##.#.#.##.#..##......#...~≈≈≈#
#.).#..#..##..'.......#...~~~~#
▓▓▓▓▓▓▓▓▓▓▓▓▓▓#.^...^.#.......#
#^..^...#.......#
+..^^^..#.......#
#^@@.^..######### ##{###### ...
#...# #...# #####


You could see Edmund.

Vanquished Creatures
  Erolcha (D)
  A deep elf knight (D)
  An orc sorcerer (D)
  2 deep elf pyromancers (D)
  3 deep elf zephyrmancers (D)
  A queen bee (D)
  A shadow (D)
  2 redbacks (D)
  A spatial vortex (D)
  An orc warrior (D)
  5 two-headed ogres (D)
  A water elemental (D)
  A necrophage (D)
  A scorpion (D)
  32 killer bees (D)
  A jelly (D)
  4 orc priests (D)
  A wizard (D)
  A necromancer (D)
  3 orc wizards (D)
  A kobold demonologist (D)
  3 humans (D)
  9 orcs (D)
  2 endoplasms (D)
  2 rats (D)
81 creatures vanquished.

Notes
Turn   | Place    | Note
-------+----------+-------------------------------------------
     0 | D        | rocky1 the Troll Monk began the quest for the Orb.
     0 | D        | Reached XP level 1. HP: 22/22 MP: 0/0
    13 | D        | Reached skill level 4 in Unarmed Combat
    49 | D        | Noticed a scorpion
    59 | D        | Killed a scorpion
    60 | D        | Reached skill level 8 in Unarmed Combat
    60 | D        | Reached XP level 2. HP: 10/29 MP: 1/1
    60 | D        | Reached XP level 3. HP: 13/36 MP: 2/2
    65 | D        | Reached XP level 4. HP: 21/44 MP: 3/3
   107 | D        | Gained mutation: You are partially covered in iridescent
                  | scales. (AC +2) [potion of mutation]
   107 | D        | Gained mutation: You have a pair of small horns on your
                  | head. [potion of mutation]
   111 | D        | Noticed a water elemental
   115 | D        | Killed a water elemental
   116 | D        | Reached skill level 10 in Unarmed Combat
   116 | D        | Reached XP level 5. HP: 32/50 MP: 4/4
   143 | D        | Found a hide-covered altar of Uskayaw.
   143 | D        | Found an iron altar of Okawaru.
   143 | D        | Found a bloodstained altar of Trog.
   143 | D        | Found an ornate altar of the Wu Jian Council.
   143 | D        | Noticed a human
   143 | D        | Noticed a human
   160 | D        | Killed a human
   161 | D        | Reached skill level 12 in Unarmed Combat
   161 | D        | Reached XP level 6. HP: 35/59 MP: 5/5
   162 | D        | Killed a human
   163 | D        | Reached skill level 14 in Unarmed Combat
   195 | D        | Became a worshipper of Warmaster Okawaru
   195 | D        | Reached * piety under Okawaru
   195 | D        | Reached ** piety under Okawaru
   203 | D        | Found a glowing silver altar of Zin.
   203 | D        | Found a glowing golden altar of the Shining One.
   203 | D        | Found a white marble altar of Elyvilon.
   204 | D        | Noticed a deep elf pyromancer
   208 | D        | Killed a deep elf pyromancer
   209 | D        | Reached skill level 5 in Fighting
   209 | D        | Reached skill level 15 in Unarmed Combat
   209 | D        | Reached XP level 7. HP: 72/72 MP: 5/9
   223 | D        | Found a radiant altar of Vehumet.
   223 | D        | Found a shimmering blue altar of Sif Muna.
   223 | D        | Found an ancient bone altar of Kikubaaqudgha.
   248 | D        | Found a basalt altar of Yredelemnul.
   248 | D        | Found a shadowy altar of Dithmenos.
   248 | D        | Found a sacrificial altar of Ru.
   255 | D        | Reached skill level 5 in Invocations
   264 | D        | Noticed a shadow
   269 | D        | Killed a shadow
   269 | D        | Reached *** piety under Okawaru
   270 | D        | Reached XP level 8. HP: 64/83 MP: 9/11
   290 | D        | Found a blossoming altar of Fedhas.
   290 | D        | Found a stormy altar of Qazlal.
   290 | D        | Found a snail-covered altar of Cheibriados.
   290 | D        | Found a burning altar of Makhleb.
   290 | D        | Found a shimmering altar of Xom.
   291 | D        | Found a hazy altar of Hepliaklqana.
   291 | D        | Found an opulent altar of Gozag.
   291 | D        | Found a sparkling altar of Nemelex Xobeh.
   291 | D        | Found a corrupted altar of Lugonu.
   291 | D        | Found a viscous altar of Jiyva.
   366 | D        | Noticed a two-headed ogre
   375 | D        | Killed a two-headed ogre
   375 | D        | Reached **** piety under Okawaru
   376 | D        | Reached skill level 16 in Unarmed Combat
   421 | D        | Noticed Erolcha
   421 | D        | Noticed a two-headed ogre
   428 | D        | Killed a two-headed ogre
   429 | D        | Reached XP level 9. HP: 93/93 MP: 10/13
   438 | D        | Killed Erolcha
   438 | D        | Reached ***** piety under Okawaru
   441 | D        | Reached skill level 17 in Unarmed Combat
   810 | D        | Reached skill level 10 in Invocations
   866 | D        | Reached XP level 10. HP: 91/109 MP: 16/16
   901 | D        | Reached skill level 10 in Fighting
   902 | D        | Reached skill level 18 in Unarmed Combat
   989 | D        | Identified the +2 robe of the Tortured God {rPois rF+
                  | Str+3} (Okawaru gifted it to you in the Dungeon)
   989 | D        | Received a gift from Okawaru
  1010 | D        | Noticed an orc sorcerer
  1021 | D        | Noticed a rust devil
  1024 | D        | Killed an orc sorcerer
  1143 | D        | Found Kogosto's Magic Scroll Boutique.
  1172 | D        | Bought a scroll of fear for 40 gold pieces
  1172 | D        | Bought a scroll of identify for 20 gold pieces
  1172 | D        | Bought a scroll of poison for 40 gold pieces
  1179 | D        | Noticed a deep elf zephyrmancer
  1179 | D        | Noticed a deep elf pyromancer
  1179 | D        | Noticed a deep elf zephyrmancer
  1179 | D        | Noticed a deep elf zephyrmancer
  1179 | D        | Noticed a deep elf knight
  1191 | D        | Killed a deep elf knight
  1194 | D        | Killed a deep elf pyromancer
  1195 | D        | Reached skill level 19 in Unarmed Combat
  1195 | D        | Killed a deep elf zephyrmancer
  1198 | D        | Killed a deep elf zephyrmancer
  1201 | D        | Killed a deep elf zephyrmancer
  1202 | D        | Noticed a deep elf demonologist
  1278 | D        | Noticed Sigmund
  1278 | D        | Noticed Edmund
  1296 | D        | Slain by Edmund

Illustrated notes

Levels and vault maps discovered:
D:        dungeon_sprint_mu [sprint_mu_entry_cave, sprint_mu_temple_rooms,
          sprint_mu_d1_spiders, sprint_mu_d2_genie, sprint_mu_d3_branching,
          sprint_mu_orc_legion, sprint_mu_elf_gauntlet, sprint_mu_hive_nellie,
          sprint_mu_lair_fedhas, sprint_mu_vaults_butterflies,
          sprint_mu_slime_circle, sprint_mu_shoals_kraken,
          sprint_mu_snake_twists, sprint_mu_blade_basic, sprint_mu_crypt_lich,
          sprint_mu_tomb_spiral, sprint_mu_vestibule_basic,
          sprint_mu_gehenna_hellfire, sprint_mu_dis_giant,
          sprint_mu_tartarus_statrot, sprint_mu_cocytus_islands, sprint_mu_zot1]

Skill      XL: |  1  2  3  4  5  6  7  8  9 10 |
---------------+-------------------------------+-----
Unarmed Combat | 8 10 12 15 16 17 19 | 19.6
Fighting       | 5 7 9 12 | 12.3
Invocations    | 4 5 7 10 | 10.0
Dodging        | |  2.4
Stealth        | |  1.0

Action                   |  1- 3 |  4- 6 |  7- 9 | 10-12 || total
-------------------------+-------+-------+-------+-------++-------
Melee: Unarmed           |    17 |    14 |   125 |    71 ||   227
       Punch             |     2 |     1 |    15 |     8 ||    26
       Headbutt          |       |     3 |    15 |     5 ||    23
Invok: Heroism           |       |       |     1 |     2 ||     3
       Finesse           |       |       |       |     1 ||     1
  Use: Potion            |       |     1 |       |     2 ||     3
 Stab: Sleeping          |       |       |     2 |       ||     2
Armor: Robe              |     4 |     2 |    27 |    23 ||    56
       Skin              |       |       |     1 |       ||     1
Dodge: Dodged            |     2 |     3 |    67 |    33 ||   105

Table legend: (Time is in decaauts)
 A = Elapsed time spent in this place.
 B = Non-inter-level travel time spent in this place.
 C = Inter-level travel time spent in this place.
 D = Time resting spent in this place.
 E = Time spent auto-exploring this place.
 F = Levels seen in this place.
 G = Mean time per level.
                   A        B        C        D        E       F      G
               +--------+--------+--------+--------+--------+-----+--------+
         Total |   1226 |   1185 |     41 |    598 |      0 |   1 | 1226.0 |
       Dungeon |   1226 |   1185 |     41 |    598 |      0 |   1 | 1226.0 |
               +--------+--------+--------+--------+--------+-----+--------+

Top non-repeatable levels by time:
       D: 1226 daAuts
